[Event "Slovenian chT 2019"]
[Site "Slovenia"]
[Date "2019.11.22"]
[Round "4"]
[White "Pavasovic, Dusko"]
[Black "Mohr, Georg"]
[Result "1/2-1/2"]
[ECO "C06"]
[WhiteElo "2546"]
[BlackElo "2437"]
[Annotator "RC"]
[PlyCount "31"]
[EventDate "2019.??.??"]
[EventCountry "SLO"]
[SourceTitle "playchess.com"]
[Source "ChessBase"]
[SourceQuality "1"]
[TimeControl "40/5400+30:1800+30"]

1. e4 e6 2. d4 d5 3. Nd2 Nf6 4. e5 Nfd7 5. Bd3 c5 6. c3 Nc6 7. Ngf3 Qb6 8. O-O cxd4 9. cxd4 Nxd4 10. Nxd4 Qxd4 11. Nf3 Qb6 12. Qa4 Qb4 13. Qc2 Qc5 14. Qa4 Qb4 15. Qc2 Qc5 16. Qa4 1/2-1/2

[Event "Slovenian chT 2019"]
[Site "Slovenia"]
[Date "2019.11.22"]
[Round "4"]
[White "Mikhalchishin, Adrian"]
[Black "Sebenik, Matej"]
[Result "1/2-1/2"]
[ECO "A57"]
[WhiteElo "2467"]
[BlackElo "2512"]
[Annotator "ChessBase"]
[PlyCount "36"]
[EventDate "2019.??.??"]
[EventCountry "SLO"]
[SourceTitle "playchess.com"]
[Source "ChessBase"]
[SourceQuality "1"]
[TimeControl "40/5400+30:1800+30"]

1. d4 Nf6 2. c4 c5 3. d5 b5 4. cxb5 a6 5. b6 e6 6. Nc3 exd5 7. Nxd5 Nxd5 8. Qxd5 Nc6 9. Bg5 Qxb6 10. Qe4+ Be7 11. Bxe7 Nxe7 12. Qxa8 Qxb2 13. Rd1 Qb4+ 14. Rd2 Qb1+ 15. Rd1 Qb4+ 16. Rd2 Qb1+ 17. Rd1 Qb4+ 18. Rd2 Qb1+ 1/2-1/2

[Event "Slovenian chT 2019"]
[Site "Slovenia"]
[Date "2019.11.22"]
[Round "4"]
[White "Janzelj, Tim"]
[Black "Drnovsek, Gal"]
[Result "1-0"]
[ECO "B23"]
[WhiteElo "2448"]
[BlackElo "2394"]
[Annotator "ChessBase"]
[PlyCount "69"]
[EventDate "2019.??.??"]
[EventCountry "SLO"]
[SourceTitle "playchess.com"]
[Source "ChessBase"]
[SourceQuality "1"]
[TimeControl "40/5400+30:1800+30"]

1. e4 c5 2. Nc3 d6 3. d4 cxd4 4. Qxd4 Nc6 5. Qd2 g6 6. b3 Bg7 7. Bb2 Nf6 8. O-O-O O-O 9. f3 a6 10. Kb1 b5 11. Nd5 Nxd5 12. Bxg7 Kxg7 13. exd5 Ne5 14. f4 Nd7 15. g4 Nc5 16. f5 gxf5 17. b4 Ne4 18. Qd4+ Kg8 19. gxf5 Nf6 20. Nf3 Bxf5 21. Bd3 Bg6 22. Ng5 a5 23. h4 axb4 24. h5 Bxd3 25. Rxd3 Qa5 26. a3 bxa3 27. Ne4 Rfc8 28. Nxf6+ exf6 29. Rg1+ Kf8 30. Qxf6 Qb4+ 31. Rb3 Qc5 32. Qg7+ Ke7 33. Re1+ Kd8 34. Qf6+ Kc7 35. Rc3 1-0

[Event "Slovenian chT 2019"]
[Site "Slovenia"]
[Date "2019.11.22"]
[Round "4"]
[White "Markoja, Boris"]
[Black "Markus, Robert"]
[Result "1/2-1/2"]
[ECO "E05"]
[WhiteElo "2445"]
[BlackElo "2602"]
[Annotator "ChessBase"]
[PlyCount "61"]
[EventDate "2019.??.??"]
[EventCountry "SLO"]
[SourceTitle "playchess.com"]
[Source "ChessBase"]
[SourceQuality "1"]
[TimeControl "40/5400+30:1800+30"]

1. d4 Nf6 2. c4 e6 3. g3 d5 4. Nf3 Be7 5. Bg2 O-O 6. O-O dxc4 7. Qc2 a6 8. a4 Bd7 9. Qxc4 Bc6 10. Bg5 Bd5 11. Qd3 Be4 12. Qd1 h6 13. Bxf6 Bxf6 14. Nc3 Bxf3 15. Bxf3 c6 16. e3 a5 17. Qe2 Nd7 18. Rfd1 Qb6 19. Rac1 Rfd8 20. Ne4 Be7 21. Nc3 Nf6 22. Ne4 Qa6 23. Nxf6+ Bxf6 24. b3 Qxe2 25. Bxe2 Be7 26. Bf3 Ba3 27. Ra1 Bd6 28. Rac1 Ba3 29. Ra1 Bd6 30. Rac1 Kf8 31. Kf1 1/2-1/2

[Event "Slovenian chT 2019"]
[Site "Slovenia"]
[Date "2019.11.22"]
[Round "4"]
[White "Tratar, Marko"]
[Black "Zirkelbach, Maj"]
[Result "1-0"]
[ECO "A28"]
[WhiteElo "2443"]
[BlackElo "2221"]
[Annotator "ChessBase"]
[PlyCount "83"]
[EventDate "2019.??.??"]
[EventCountry "SLO"]
[SourceTitle "playchess.com"]
[Source "ChessBase"]
[SourceQuality "1"]
[TimeControl "40/5400+30:1800+30"]

1. c4 Nf6 2. Nc3 e5 3. Nf3 Nc6 4. e4 Bc5 5. Nxe5 Nxe5 6. d4 Bb4 7. dxe5 Nxe4 8. Qf3 d5 9. Be2 d4 10. Qxe4 dxc3 11. O-O O-O 12. a3 cxb2 13. Bxb2 Bc5 14. Rfd1 Qe7 15. h4 f5 16. Qf4 Be6 17. Rd3 Rad8 18. Rad1 Rxd3 19. Rxd3 Rd8 20. Rxd8+ Qxd8 21. g3 c6 22. Kg2 Qb6 23. Bc1 Qb1 24. Be3 Bxa3 25. Bxa7 b5 26. cxb5 cxb5 27. Qd4 Qb3 28. Bf3 Qc4 29. Qd8+ Bf8 30. Bb8 Qc8 31. Qxc8 Bxc8 32. Bd5+ Kh8 33. Bd6 Bxd6 34. exd6 Bd7 35. h5 h6 36. Kf3 Kh7 37. Bf7 g5 38. hxg6+ Kg7 39. Ke3 Kf6 40. f4 b4 41. Kd4 b3 42. Bxb3 1-0

[Event "Slovenian chT 2019"]
[Site "Slovenia"]
[Date "2019.11.22"]
[Round "4"]
[White "Podkriznik, Gregor"]
[Black "Rajkovic, Dusan"]
[Result "1/2-1/2"]
[ECO "A55"]
[WhiteElo "2408"]
[BlackElo "2258"]
[Annotator "RC"]
[PlyCount "69"]
[EventDate "2019.??.??"]
[EventCountry "SLO"]
[SourceTitle "playchess.com"]
[Source "ChessBase"]
[SourceQuality "1"]
[TimeControl "40/5400+30:1800+30"]

1. c4 Nf6 2. Nc3 e5 3. Nf3 d6 4. d4 Nbd7 5. e4 c6 6. Be2 Be7 7. O-O O-O 8. Re1 Re8 9. Rf1 a6 10. Rb1 Bf8 11. d5 c5 12. a3 a5 13. Bd3 g6 14. g3 Nh5 15. Kh1 Be7 16. Ng1 Bf8 17. Be3 Ng7 18. Qc2 Be7 19. f4 exf4 20. gxf4 Nf6 21. Rfe1 Kh8 22. Qg2 Rf8 23. Nf3 Bd7 24. Bd2 Nfh5 25. a4 b6 26. Re2 Qc8 27. Rbe1 Bh3 28. b3 Bg4 29. Qf2 Qd7 30. Nb5 Rab8 31. Rg1 Rbc8 32. Ree1 Rcd8 33. Bc1 Kg8 34. Bc2 Ra8 35. Rd1 1/2-1/2

[Event "Slovenian chT 2019"]
[Site "Slovenia"]
[Date "2019.11.22"]
[Round "4"]
[White "Stajner, Samo"]
[Black "Gjuran, Denis"]
[Result "0-1"]
[ECO "A03"]
[WhiteElo "2380"]
[BlackElo "2331"]
[Annotator "ChessBase"]
[PlyCount "94"]
[EventDate "2019.??.??"]
[EventCountry "SLO"]
[SourceTitle "playchess.com"]
[Source "ChessBase"]
[SourceQuality "1"]
[TimeControl "40/5400+30:1800+30"]

1. b3 d5 2. f4 Nf6 3. Bb2 Bf5 4. e3 e6 5. Nf3 Be7 6. Be2 h6 7. O-O O-O 8. Ne5 Nfd7 9. Bd3 Bxd3 10. Nxd3 Nc6 11. f5 e5 12. Nc3 Nf6 13. Ne2 Bd6 14. Ng3 e4 15. Nf4 Ne5 16. Qe2 c6 17. a4 Kh7 18. a5 a6 19. Ra4 Nfg4 20. h3 Nf6 21. d3 exd3 22. cxd3 Re8 23. Ngh5 Ned7 24. Rf3 Be5 25. Bxe5 Rxe5 26. Rg3 Ne8 27. d4 Re4 28. Rb4 Rb8 29. Qg4 Qg5 30. Kf2 Qxg4 31. hxg4 g6 32. g5 hxg5 33. Rxg5 gxh5 34. Rxh5+ Kg8 35. Ra4 Ng7 36. Rg5 f6 37. Rg6 Kf7 38. g4 Rh8 39. Rb4 Rb8 40. Rh6 b5 41. axb6 Nxb6 42. Rh7 Kg8 43. Rh6 Ne8 44. g5 a5 45. Rxb6 Rxb6 46. gxf6 Rxf4+ 47. exf4 Kf7 0-1

[Event "Slovenian chT 2019"]
[Site "Slovenia"]
[Date "2019.11.22"]
[Round "4"]
[White "Dobrovoljc, Vid"]
[Black "Ruck, Robert"]
[Result "0-1"]
[ECO "B11"]
[WhiteElo "2370"]
[BlackElo "2526"]
[Annotator "ChessBase"]
[PlyCount "72"]
[EventDate "2019.??.??"]
[EventCountry "SLO"]
[SourceTitle "playchess.com"]
[Source "ChessBase"]
[SourceQuality "1"]
[TimeControl "40/5400+30:1800+30"]

1. e4 c6 2. Nf3 d5 3. Nc3 Bg4 4. h3 Bxf3 5. Qxf3 Nf6 6. d3 e6 7. a3 Bc5 8. g3 Nbd7 9. Bg2 O-O 10. O-O Qc7 11. Kh1 Rad8 12. Qe2 dxe4 13. dxe4 e5 14. f4 exf4 15. gxf4 Rfe8 16. e5 Bd4 17. Nd1 g6 18. Bf3 Nd5 19. c3 Bb6 20. b4 Ne7 21. Ne3 Bxe3 22. Bxe3 Nf5 23. Rg1 Nxe3 24. Qxe3 Nb6 25. Rad1 Rd7 26. Be4 Qd8 27. Rdf1 Nc4 28. Qxa7 Nd2 29. Re1 b6 30. Qa6 Nxe4 31. Rxe4 Rd3 32. Qc4 Rxh3+ 33. Kg2 Qh4 34. Qd4 Rh2+ 35. Kf3 Qh5+ 36. Kg3 Qh3# 0-1

[Event "Slovenian chT 2019"]
[Site "Slovenia"]
[Date "2019.11.22"]
[Round "4"]
[White "Ristic, Nenad"]
[Black "Tomazini, Aljosa"]
[Result "1/2-1/2"]
[ECO "C41"]
[WhiteElo "2336"]
[BlackElo "2388"]
[Annotator "ChessBase"]
[PlyCount "103"]
[EventDate "2019.??.??"]
[EventCountry "SLO"]
[SourceTitle "playchess.com"]
[Source "ChessBase"]
[SourceQuality "1"]
[TimeControl "40/5400+30:1800+30"]

1. Nc3 e5 2. Nf3 d6 3. d4 Nd7 4. e4 Ngf6 5. g4 g6 6. g5 Nh5 7. Be3 Bg7 8. Qd2 O-O 9. O-O-O c6 10. dxe5 dxe5 11. Qd6 Qe8 12. Bh3 Nb6 13. Bxc8 Qxc8 14. Bxb6 axb6 15. Qd7 Qb8 16. Qd6 Qa7 17. Rd2 b5 18. Rhd1 Rfe8 19. Qb4 Nf4 20. a3 Ne6 21. Nb1 Nc5 22. Re2 Bf8 23. Qc3 Qb8 24. h4 Ra4 25. Rde1 Rc4 26. Qe3 Rxe4 27. Qc3 Rxe2 28. Rxe2 e4 29. Nfd2 Qh2 30. Qe3 Qxh4 31. b4 Ne6 32. Nxe4 Be7 33. Nbd2 Kf8 34. Nf3 Qf4 35. Kb1 Qxe3 36. Rxe3 Rd8 37. Nf6 Rd1+ 38. Ka2 Nxg5 39. Nxg5 Bxf6 40. Nxh7+ Kg7 41. Kb3 g5 42. c4 bxc4+ 43. Kxc4 g4 44. Nxf6 Kxf6 45. Kc5 Rd2 46. Rg3 Kf5 47. f3 Rd5+ 48. Kb6 Rb5+ 49. Kc7 gxf3 50. Rxf3+ Ke6 51. Re3+ Kd5 52. Rf3 1/2-1/2

[Event "Slovenian chT 2019"]
[Site "Slovenia"]
[Date "2019.11.22"]
[Round "4"]
[White "Mazi, Leon"]
[Black "Jelen, Igor"]
[Result "1-0"]
[ECO "B33"]
[WhiteElo "2326"]
[BlackElo "2350"]
[Annotator "ChessBase"]
[PlyCount "55"]
[EventDate "2019.??.??"]
[EventCountry "SLO"]
[SourceTitle "playchess.com"]
[Source "ChessBase"]
[SourceQuality "1"]
[TimeControl "40/5400+30:1800+30"]

1. e4 c5 2. Nf3 Nc6 3. d4 cxd4 4. Nxd4 Nf6 5. Nc3 e5 6. Ndb5 d6 7. Bg5 a6 8. Na3 b5 9. Bxf6 gxf6 10. Nd5 f5 11. Bxb5 axb5 12. Nxb5 Ra4 13. Nbc7+ Kd7 14. O-O Qg5 15. c4 Rg8 16. g3 Ra7 17. Nb5 Rb7 18. a4 fxe4 19. a5 Rxb5 20. cxb5 Nd4 21. Nb6+ Kd8 22. Nxc8 Kxc8 23. a6 Kb8 24. b6 Bh6 25. Qa4 Qe7 26. Qc4 Qd7 27. Qd5 Nc6 28. b4 1-0

[Event "Slovenian chT 2019"]
[Site "Slovenia"]
[Date "2019.11.22"]
[Round "4"]
[White "Supancic, Darko"]
[Black "Zupancic, Jernej"]
[Result "1/2-1/2"]
[ECO "A46"]
[WhiteElo "2288"]
[BlackElo "2240"]
[Annotator "ChessBase"]
[PlyCount "60"]
[EventDate "2019.??.??"]
[EventCountry "SLO"]
[SourceTitle "playchess.com"]
[Source "ChessBase"]
[SourceQuality "1"]
[TimeControl "40/5400+30:1800+30"]

1. Nf3 Nf6 2. d4 e6 3. g3 b5 4. Bg2 Bb7 5. O-O Be7 6. c3 O-O 7. Nbd2 c5 8. Re1 d5 9. Ne5 Nc6 10. Ndf3 Rc8 11. Nxc6 Bxc6 12. Ne5 Ba8 13. Bg5 Re8 14. a3 Nd7 15. Nxd7 Qxd7 16. Bxe7 Qxe7 17. e3 a5 18. Qd2 c4 19. e4 dxe4 20. Bxe4 Bxe4 21. Rxe4 Red8 22. Re5 Rd5 23. Rxd5 exd5 24. Re1 Qd7 25. Qe3 Kf8 26. Kg2 Re8 27. Qxe8+ Qxe8 28. Rxe8+ Kxe8 29. Kf3 Ke7 30. Ke3 Ke6 1/2-1/2

[Event "Slovenian chT 2019"]
[Site "Slovenia"]
[Date "2019.11.22"]
[Round "4"]
[White "Vombek, Dani"]
[Black "Rifelj, Luka"]
[Result "1-0"]
[ECO "B91"]
[WhiteElo "2283"]
[BlackElo "1961"]
[Annotator "ChessBase"]
[PlyCount "49"]
[EventDate "2019.??.??"]
[EventCountry "SLO"]
[SourceTitle "playchess.com"]
[Source "ChessBase"]
[SourceQuality "1"]
[TimeControl "40/5400+30:1800+30"]

1. e4 c5 2. Nf3 d6 3. d4 cxd4 4. Nxd4 Nf6 5. Nc3 a6 6. g3 e5 7. Nb3 Be7 8. Bg2 O-O 9. O-O Nbd7 10. a4 b6 11. Re1 Bb7 12. Nd2 Rc8 13. Nf1 Rc4 14. Ne3 Rxc3 15. bxc3 Bxe4 16. Bxe4 Nxe4 17. Nd5 Nef6 18. Nxe7+ Qxe7 19. Ba3 Nc5 20. Bxc5 dxc5 21. Qe2 Re8 22. Qxa6 Qe6 23. Rab1 Nd5 24. Qc4 Qc8 25. Rbd1 1-0

[Event "Slovenian chT 2019"]
[Site "Slovenia"]
[Date "2019.11.22"]
[Round "4"]
[White "Skuhala, Jernej"]
[Black "Gombac, Jan"]
[Result "0-1"]
[ECO "B12"]
[WhiteElo "2266"]
[BlackElo "2246"]
[Annotator "ChessBase"]
[PlyCount "94"]
[EventDate "2019.??.??"]
[EventCountry "SLO"]
[SourceTitle "playchess.com"]
[Source "ChessBase"]
[SourceQuality "1"]
[TimeControl "40/5400+30:1800+30"]

1. e4 c6 2. d4 d6 3. f4 d5 4. Nc3 dxe4 5. Nxe4 Nf6 6. Ng3 h5 7. Bc4 h4 8. Nf1 h3 9. g3 e6 10. Ne3 b5 11. Be2 Bb7 12. Bf3 Nbd7 13. a4 Qc7 14. axb5 cxb5 15. Bxb7 Qxb7 16. Qf3 Qe4 17. Qxe4 Nxe4 18. Nf3 Bb4+ 19. Ke2 a5 20. c3 Bd6 21. Bd2 Nb6 22. Rhf1 a4 23. Kd3 f5 24. Nd1 Kd7 25. Nf2 Nc4 26. Ra2 Nxf2+ 27. Rxf2 Rhc8 28. Re2 Rh8 29. Re1 Rac8 30. Bc1 Rc7 31. Rg1 Be7 32. g4 fxg4 33. Rxg4 Bf6 34. Ne5+ Bxe5 35. fxe5 Kc6 36. Ke4 Rf7 37. Rg6 Rh4+ 38. Kd3 Kd5 39. b3 axb3 40. Ra8 b2 41. Rd8+ Kc6 42. Bxb2 Rf3+ 43. Kc2 Rf2+ 44. Kb1 Rxb2+ 45. Kc1 Re4 46. Rc8+ Kd7 47. Rxc4 Rg2 0-1

[Event "Slovenian chT 2019"]
[Site "Slovenia"]
[Date "2019.11.22"]
[Round "4"]
[White "Hiti, Domen"]
[Black "Markun, Bostjan"]
[Result "0-1"]
[ECO "E93"]
[WhiteElo "2251"]
[BlackElo "2260"]
[Annotator "ChessBase"]
[PlyCount "76"]
[EventDate "2019.??.??"]
[EventCountry "SLO"]
[SourceTitle "playchess.com"]
[Source "ChessBase"]
[SourceQuality "1"]
[TimeControl "40/5400+30:1800+30"]

1. d4 Nf6 2. c4 g6 3. Nc3 Bg7 4. e4 d6 5. Nf3 O-O 6. Be2 e5 7. d5 Na6 8. Be3 Nc5 9. Nd2 a5 10. a3 Nfd7 11. b4 axb4 12. axb4 Rxa1 13. Qxa1 Na6 14. Qa3 f5 15. f3 Bh6 16. Na2 Qh4+ 17. Kd1 Nf6 18. Bxh6 Qxh6 19. exf5 Bxf5 20. g4 Bd7 21. Bd3 Qf4 22. Nc3 Qe3 23. Kc2 e4 24. fxe4 Nxg4 25. Nd1 Qb6 26. b5 Nc5 27. Be2 Nf2 28. Nxf2 Rxf2 29. Qe3 Rf8 30. Ra1 Re8 31. Bf3 c6 32. dxc6 bxc6 33. h4 cxb5 34. h5 bxc4 35. Rb1 Ba4+ 36. Kc1 Qc7 37. Be2 Nd3+ 38. Bxd3 cxd3+ 0-1

[Event "Slovenian chT 2019"]
[Site "Slovenia"]
[Date "2019.11.22"]
[Round "4"]
[White "Zvan, Ziga"]
[Black "Janzelj, Lara"]
[Result "0-1"]
[ECO "D25"]
[WhiteElo "2249"]
[BlackElo "2158"]
[Annotator "ChessBase"]
[PlyCount "68"]
[EventDate "2019.??.??"]
[EventCountry "SLO"]
[SourceTitle "playchess.com"]
[Source "ChessBase"]
[SourceQuality "1"]
[TimeControl "40/5400+30:1800+30"]

1. d4 d5 2. c4 dxc4 3. Nf3 Nf6 4. e3 b5 5. a4 b4 6. Bxc4 e6 7. O-O Be7 8. Nbd2 O-O 9. e4 Bb7 10. Qe2 c5 11. dxc5 Nbd7 12. c6 Bxc6 13. Nd4 Bb7 14. e5 Nd5 15. N2f3 Nc5 16. a5 a6 17. Bd2 Rb8 18. Rfd1 Qc7 19. Nc2 Rfd8 20. Rdc1 Qd7 21. Ncd4 Rdc8 22. h3 Rc7 23. Nb3 Nxb3 24. Bxb3 Rxc1+ 25. Rxc1 Bd8 26. Ng5 Bxa5 27. Qd3 g6 28. Ne4 Kg7 29. Bg5 Bd8 30. Nc5 Qe8 31. Bxd8 Qxd8 32. Nxa6 Nf4 33. Qxd8 Rxd8 34. Nxb4 Ne2+ 0-1

[Event "Slovenian chT 2019"]
[Site "Slovenia"]
[Date "2019.11.22"]
[Round "4"]
[White "Kastelic, Marian"]
[Black "Trbojevic, Mladen"]
[Result "1-0"]
[ECO "E60"]
[WhiteElo "2248"]
[BlackElo "2335"]
[Annotator "ChessBase"]
[PlyCount "111"]
[EventDate "2019.??.??"]
[EventCountry "SLO"]
[SourceTitle "playchess.com"]
[Source "ChessBase"]
[SourceQuality "1"]
[TimeControl "40/5400+30:1800+30"]

1. d4 Nf6 2. Nf3 g6 3. g3 Bg7 4. c4 d5 5. cxd5 Nxd5 6. e4 Nb6 7. h3 O-O 8. Nc3 c5 9. dxc5 Bxc3+ 10. bxc3 Qxd1+ 11. Kxd1 Na4 12. Kc2 Nxc5 13. Nd2 Bd7 14. Ba3 Ba4+ 15. Nb3 Nbd7 16. Re1 Rac8 17. Kb2 Rc6 18. f4 Rb6 19. Bb4 Bxb3 20. axb3 a5 21. Bxa5 Rxb3+ 22. Kc2 Ra3 23. Bb4 Ra2+ 24. Kb1 Rd2 25. Bb5 Ra8 26. Rd1 Raa2 27. Rxd2 Rxd2 28. Bxd7 Nxd7 29. Bxe7 f6 30. Kc1 Rd3 31. Kc2 Rxg3 32. Rd1 Nb6 33. Bxf6 Rxh3 34. Rb1 Nd7 35. Bd4 b6 36. Bxb6 Rf3 37. Bd4 Rxf4 38. Rb7 Rf7 39. e5 Nf8 40. Rb8 Rc7 41. e6 Re7 42. Bc5 Rxe6 43. Bxf8 h5 44. Bh6+ Kf7 45. Bg5 Re5 46. Rb7+ Ke8 47. Bf4 Re4 48. Rb4 Re2+ 49. Kd3 Rg2 50. Rb7 h4 51. Rh7 g5 52. Be5 Rg1 53. c4 Rh1 54. c5 h3 55. c6 Rd1+ 56. Ke4 1-0

[Event "Slovenian chT 2019"]
[Site "Slovenia"]
[Date "2019.11.22"]
[Round "4"]
[White "Urbanc, Peter"]
[Black "Titan, Matej"]
[Result "0-1"]
[ECO "A45"]
[WhiteElo "2212"]
[BlackElo "2229"]
[Annotator "ChessBase"]
[PlyCount "120"]
[EventDate "2019.??.??"]
[EventCountry "SLO"]
[SourceTitle "playchess.com"]
[Source "ChessBase"]
[SourceQuality "1"]
[TimeControl "40/5400+30:1800+30"]

1. d4 Nf6 2. Bg5 Ne4 3. Bh4 c5 4. Nd2 Nxd2 5. Qxd2 cxd4 6. Nf3 Nc6 7. Nxd4 Qb6 8. Nxc6 bxc6 9. b3 e6 10. e4 Qb4 11. Bd3 Qxd2+ 12. Kxd2 e5 13. Bg3 d6 14. b4 Be7 15. a4 O-O 16. b5 Be6 17. Rhb1 c5 18. a5 Rfb8 19. c4 g6 20. Kc3 Bg5 21. Re1 Kf8 22. Rad1 Bd8 23. Ra1 Bg5 24. Kc2 Ke8 25. f3 Kd7 26. Re2 h5 27. Be1 Kc7 28. a6 Kd7 29. Rd1 Rg8 30. Kc3 Bd8 31. Ra2 Rb8 32. Bc2 Ke7 33. Bb3 Bc7 34. Rd3 f5 35. exf5 gxf5 36. Bh4+ Kf7 37. Re2 Bd8 38. Rxd6 Bxh4 39. Rxe5 Rbe8 40. Rxc5 Be1+ 41. Kd3 Rxg2 42. Rc7+ Kf8 43. Rxe6 Rd2+ 44. Ke3 Rxe6+ 45. Kf4 Re7 46. Rc8+ Kg7 47. c5 Rd4+ 48. Kxf5 Rb4 49. Bd5 Rxb5 50. f4 Bf2 51. Rg8+ Kh7 52. Rg5 Rxc5 53. Rxh5+ Kg7 54. Rg5+ Kh6 55. Rg6+ Kh7 56. Rd6 Rb5 57. Kf6 Bh4+ 58. Kf5 Rc7 59. Ke6 Be7 60. Bc6 Bxd6 0-1

[Event "Slovenian chT 2019"]
[Site "Slovenia"]
[Date "2019.11.22"]
[Round "4"]
[White "Polajzer, Danilo"]
[Black "Riegler, Primoz"]
[Result "1/2-1/2"]
[ECO "B22"]
[WhiteElo "2207"]
[BlackElo "2304"]
[Annotator "ChessBase"]
[PlyCount "73"]
[EventDate "2019.??.??"]
[EventCountry "SLO"]
[SourceTitle "playchess.com"]
[Source "ChessBase"]
[SourceQuality "1"]
[TimeControl "40/5400+30:1800+30"]

1. e4 c5 2. c3 d5 3. exd5 Qxd5 4. d4 Nc6 5. Nf3 Bg4 6. Be2 cxd4 7. cxd4 Nf6 8. O-O e6 9. Nc3 Qa5 10. a3 Be7 11. Qb3 Qc7 12. Bg5 O-O 13. Rfd1 Rfd8 14. Bxf6 Bxf6 15. d5 Bxf3 16. Nb5 Qb6 17. Bxf3 Ne5 18. Be4 Ng4 19. Qg3 Nxf2 20. Qxf2 Qxb5 21. dxe6 fxe6 22. Qf3 Qxb2 23. Rab1 Qb6+ 24. Kh1 Rxd1+ 25. Rxd1 Rd8 26. Rxd8+ Qxd8 27. Bxb7 Qd2 28. g3 Qc1+ 29. Kg2 Kf7 30. Be4 g6 31. h4 Kg7 32. Bc6 Qd2+ 33. Kh3 Qd6 34. h5 gxh5 35. Be8 h4 36. gxh4 Qe5 37. Qg3+ 1/2-1/2

[Event "Slovenian chT 2019"]
[Site "Slovenia"]
[Date "2019.11.22"]
[Round "4"]
[White "Rozic, Samo"]
[Black "Rozman, Monika"]
[Result "1/2-1/2"]
[ECO "A03"]
[WhiteElo "2205"]
[BlackElo "2127"]
[Annotator "ChessBase"]
[PlyCount "61"]
[EventDate "2019.??.??"]
[EventCountry "SLO"]
[SourceTitle "playchess.com"]
[Source "ChessBase"]
[SourceQuality "1"]
[TimeControl "40/5400+30:1800+30"]

1. f4 d5 2. Nf3 Nf6 3. g3 c5 4. Bg2 Nc6 5. O-O g6 6. d3 Bg7 7. c3 O-O 8. Na3 Re8 9. Qe1 Rb8 10. Qf2 b6 11. h3 Bb7 12. g4 d4 13. cxd4 cxd4 14. Nc2 Nd5 15. Bd2 Qd7 16. Nfxd4 Nxd4 17. Nxd4 Nxf4 18. Bxf4 Bxg2 19. Kxg2 Bxd4 20. e3 Qd5+ 21. Qf3 Qxf3+ 22. Rxf3 e5 23. Bg3 Bxb2 24. Rb1 Ba3 25. d4 Rbc8 26. Bxe5 Rc2+ 27. Rf2 Rec8 28. Rbf1 Kf8 29. Kf3 a5 30. Ke4 Rxf2 31. Rxf2 1/2-1/2

[Event "Slovenian chT 2019"]
[Site "Slovenia"]
[Date "2019.11.22"]
[Round "4"]
[White "Slibar, Matjaz"]
[Black "Rozic, Adrijan"]
[Result "0-1"]
[ECO "C05"]
[WhiteElo "2188"]
[BlackElo "2048"]
[Annotator "RC"]
[PlyCount "144"]
[EventDate "2019.??.??"]
[EventCountry "SLO"]
[SourceTitle "playchess.com"]
[Source "ChessBase"]
[SourceQuality "1"]
[TimeControl "40/5400+30:1800+30"]

1. e4 e6 2. d4 d5 3. Nd2 Nf6 4. e5 Nfd7 5. f4 c5 6. Ngf3 cxd4 7. Nb3 Nc6 8. Nbxd4 Nxd4 9. Nxd4 g6 10. Be2 a6 11. O-O Bg7 12. Be3 O-O 13. c3 Qe7 14. Bf3 Nb8 15. Nb3 Re8 16. Bc5 Qd8 17. Qd2 b5 18. a4 bxa4 19. Rxa4 Bd7 20. Ra3 Bb5 21. Rfa1 Nd7 22. Bf2 Bf8 23. Ra5 Nb6 24. Qe1 Nc4 25. R5a2 Rb8 26. Nd4 Qc8 27. Be2 Qd7 28. b3 Nb6 29. Qf1 Nc8 30. c4 dxc4 31. bxc4 Bc6 32. Nxc6 Qxc6 33. Rxa6 Qe4 34. Bg3 Rb2 35. R6a2 Rxa2 36. Rxa2 Bc5+ 37. Bf2 Bf8 38. Qc1 Ne7 39. Bf3 Qd3 40. Qc2 Qd7 41. Ra7 Qc8 42. Qa4 Qb8 43. h3 Qb1+ 44. Kh2 Rc8 45. Ra8 Rxa8 46. Qxa8 Qc2 47. Bc5 Kg7 48. Qe4 Qc1 49. Bf2 Nf5 50. g4 Qd2 51. Kg1 Ne7 52. Qd4 Qc1+ 53. Kg2 h5 54. Be3 Qc2+ 55. Kg3 hxg4 56. hxg4 g5 57. fxg5 Ng6 58. c5 Ne7 59. Be4 Qe2 60. Bd3 Qe1+ 61. Bf2 Qd2 62. Qe3 Qc3 63. Qe4 Ng6 64. c6 Be7 65. Bd4 Qc1 66. Be3 Qc3 67. Bb6 Bxg5 68. c7 Bf4+ 69. Kf2 Bxe5 70. Qc4 Qb2+ 71. Be2 Qxb6+ 72. Kf1 Bxc7 0-1

[Event "Slovenian chT 2019"]
[Site "Slovenia"]
[Date "2019.11.22"]
[Round "4"]
[White "Breznik, Kristijan"]
[Black "Suta, Andraz"]
[Result "0-1"]
[ECO "C54"]
[WhiteElo "2180"]
[BlackElo "2242"]
[Annotator "NA"]
[PlyCount "68"]
[EventDate "2019.??.??"]
[EventCountry "SLO"]
[SourceTitle "playchess.com"]
[Source "ChessBase"]
[SourceQuality "1"]
[TimeControl "40/5400+30:1800+30"]

1. e4 e5 2. Nf3 Nc6 3. Bc4 Bc5 4. c3 Nf6 5. d3 d6 6. a4 a5 7. O-O Ba7 8. Re1 Ne7 9. Bg5 Ng6 10. Nh4 c6 11. Qf3 Bg4 12. Qg3 Qd7 13. h3 Be6 14. Bxe6 Qxe6 15. Nd2 Nh5 16. Qf3 Nxh4 17. Qxh5 Ng6 18. Nc4 $11 O-O 19. Be3 Bxe3 20. Rxe3 f5 21. exf5 Rxf5 22. Qg4 h5 23. Qd1 d5 24. Nd2 Raf8 25. Nf3 Qf6 26. Qe1 Nf4 27. Rxe5 Nxh3+ 28. Kh2 Rxf3 29. gxf3 Qf4+ 30. Kxh3 Qxf3+ 31. Kh2 Rf4 32. Rxh5 Qxh5+ 33. Kg1 Qh3 34. f3 Rxf3 0-1

[Event "Slovenian chT 2019"]
[Site "Slovenia"]
[Date "2019.11.22"]
[Round "4"]
[White "Belsak, Zan"]
[Black "Spacapan, Simon"]
[Result "1/2-1/2"]
[ECO "B23"]
[WhiteElo "2172"]
[BlackElo "1968"]
[Annotator "NA"]
[PlyCount "79"]
[EventDate "2019.??.??"]
[EventCountry "SLO"]
[SourceTitle "playchess.com"]
[Source "ChessBase"]
[SourceQuality "1"]
[TimeControl "40/5400+30:1800+30"]

1. e4 c5 2. Nc3 a6 3. f4 e6 4. Nf3 Qc7 5. d3 d6 6. g4 Nf6 7. h3 b5 8. Bg2 Bb7 9. O-O Be7 10. Ne2 O-O 11. Ng3 d5 12. e5 Nfd7 13. Qe2 Nc6 14. c3 d4 15. Bd2 dxc3 16. bxc3 b4 17. Rfe1 Rfd8 18. f5 Nf8 19. Nh5 bxc3 20. Bxc3 Nd4 21. Bxd4 cxd4 22. Rec1 Qa5 23. f6 gxf6 24. exf6 Ba3 25. Rc2 Ng6 26. Rb1 Rab8 27. Rb3 Bd5 28. Rxb8 Rxb8 29. Nd2 Bxg2 30. Qxg2 Bf8 31. Qe4 Qa4 32. Nb3 Bh6 33. Kg2 Be3 34. Qc6 Qb4 35. Qe4 Qa4 36. Ng7 Nf4+ 37. Kf3 Nd5 38. Nxe6 Nxf6 39. Qe5 Nd5 40. Qe4 1/2-1/2

[Event "Slovenian chT 2019"]
[Site "Slovenia"]
[Date "2019.11.22"]
[Round "4"]
[White "Zupancic, Urban"]
[Black "Zupe, Miran"]
[Result "1-0"]
[ECO "E11"]
[WhiteElo "1993"]
[BlackElo "2236"]
[Annotator "NA"]
[PlyCount "65"]
[EventDate "2019.??.??"]
[EventCountry "SLO"]
[SourceTitle "playchess.com"]
[Source "ChessBase"]
[SourceQuality "1"]
[TimeControl "40/5400+30:1800+30"]

1. d4 Nf6 2. c4 e6 3. Nf3 d5 4. g3 Bb4+ 5. Bd2 Qe7 6. a3 Bxd2+ 7. Nbxd2 a5 8. Qc2 O-O 9. Bg2 c6 10. O-O b6 11. Rac1 Bb7 12. Ne5 Nfd7 13. f4 f5 14. cxd5 exd5 15. Ndf3 g6 16. h4 Nf6 17. Bh3 Ra7 18. Kg2 Ba8 19. Ng5 Kg7 20. g4 fxg4 21. Bxg4 Nxg4 22. Nxg4 h6 23. Nf3 Qe6 24. Nfe5 Nd7 25. Rf2 c5 26. Kg1 h5 27. Nxd7 Rxd7 28. Ne5 Rd6 29. dxc5 bxc5 30. Qxc5 Kh6 31. Rg2 Rf6 32. Qc8 Bc6 33. Qh8# 1-0